 Dungeon Crawl Stone Soup version 0.31-a0-1104-g3bd3108e02 (webtiles) character file.

Game seed: 4370040414749382650

186 Dirtsage the Magician (level 5, -2/38 HPs)
             Began as a Djinni Conjurer on Dec 2, 2023.
             Slain by an ice beast (13 damage)
             ... on level 3 of the Dungeon.
             The game lasted 00:06:09 (2098 turns).

Dirtsage the Magician (Djinni Conjurer)             Turns: 2098, Time: 00:06:09

Health: -2/38      AC:  6    Str:  8    XL:     5   Next: 98%
Gold:   82         EV: 12    Int: 19    God:
                   SH:  0    Dex: 12

rFire   + + .        (no weapon)
rCold   x . .        (no shield)
rNeg    . . .        a - +0 robe
rPois   ∞            (no helmet)
rElec   .            (no cloak)
rCorr   .            (no gloves)
SInv    .            (boots unavailable)
Will    .....        (no amulet)
Stlth   ++           h - +4 ring of protection
HPRegen 0.26/turn    (no ring)
MPRegen 0.00/turn

%: infuse magic (-3 HP)
@: immotile, flying
A: sickness immunity, fire resistance 2, cold vulnerability 1, float, innate
caster, HP casting, extra vitality 1
a: no special abilities


You were on level 3 of the Dungeon.
You visited 1 branch of the dungeon, and saw 3 of its levels.

You collected 82 gold pieces.

Inventory:

Missiles
 j - 4 curare-tipped darts
Armour
 a - a +0 robe (worn)
Jewellery
 h - a +4 ring of protection (left hand)
Scrolls
 c - a scroll of enchant weapon
 e - a scroll of silence
 f - 2 scrolls of blinking {unknown}
 g - a scroll of fog {unknown}
 k - a scroll of vulnerability {unknown}
 l - a scroll of identify {unknown}
 t - a scroll of teleportation
Potions
 b - 2 potions of ambrosia {unknown}
 d - 2 potions of heal wounds {unknown}
 i - 2 potions of attraction {unknown}
 m - a potion of invisibility {unknown}


   Skills:
 + Level 2.0 Fighting
 + Level 2.0 Armour
 + Level 3.3 Dodging
 - Level 1.5 Stealth
 * Level 4.2 Spellcasting
 * Level 4.2 Conjurations
 * Level 4.2 Hexes
   Level 0.0 Charms
 * Level 4.2 Summonings
 * Level 4.2 Necromancy
 * Level 4.2 Translocations
 * Level 4.2 Transmutations
 * Level 4.2 Fire Magic
 * Level 4.2 Ice Magic
 * Level 4.2 Air Magic
 * Level 4.2 Earth Magic
 * Level 4.2 Poison Magic


You knew the following spells:

 Your Spells              Type           Power      Damage    Failure   Level
a - Magic Dart            Conj           80%        1d7       2%          1
b - Searing Ray           Conj           40%        2d5       3%          2
c - Dazzling Flash        Conj/Hex       40%        N/A       7%          3
d - Fulminant Prism       Conj/Hex       10%        3d9       24%         4
e - Momentum Strike       Conj/Tloc      40%        3d9       3%          2
g - Apportation           Tloc           40%        N/A       2%          1
x - Iskenderun's Mystic   Conj/Tloc      20%        2d6       24%         4
Your spell library was empty.

Dungeon Overview and Level Annotations

Branches:
Dungeon (3/15)

Altars:
Ashenzari
Cheibriados
Dithmenos
Fedhas
Wu Jian


Innate Abilities, Weirdness & Mutations

You are immune to sickness and miasma.
You are immune to poison.
Your flesh is very heat resistant. (rF++)
You are vulnerable to cold. (rC-)
You float through the air rather than walking.
You learn spells naturally, not from books.
Your magical power is your life essence.
You have superior vitality. (+4 MHP)


Message History

The ice beast is moderately wounded.
A hobgoblin comes into view.
You take 1 damage, and have 33/38 hp.
The searing ray misses the ice beast.
The hobgoblin shouts!
You take 1 damage, and have 32/38 hp.
Casting: Searing Ray (safe; 3% risk of failure)
Confirm with . or Enter, or press ? or * to list all spells.
Casting: Dazzling Flash (dangerous; 7% risk of failure)
Press: ? - help, Dir - look around, f - activate The ice beast barely misses you.
You take 2 damage, and have 30/38 hp.
Okay, then.
Casting: Dazzling Flash (dangerous; 7% risk of failure)
Confirm with . or Enter, or press ? or * to list all spells.
Aiming: Momentum Strike (safe; 3% risk of failure)
Press: ? - help, Dir - move target, f - ice beast
Aim: an ice beast (moderately wounded, 71% to hit)
The concentrated momentum hits the ice beast.
The ice beast is severely wounded.
You are unable to move.
The ice beast closely misses you.
You take 2 damage, and have 28/38 hp.
Casting: Momentum Strike (safe; 3% risk of failure)
Confirm with . or Enter, or press ? or * to list all spells.
Aiming: Searing Ray (safe; 3% risk of failure)
Press: ? - help, Shift-Dir - straight line, f/p - ice beast
Aim: an ice beast (severely wounded, 78% to hit)
The searing ray hits the ice beast.
The ice beast is severely wounded.
The searing ray hits the hobgoblin.
You kill the hobgoblin! (Press . to maintain the ray.)
The ice beast hits you. The ice beast freezes you!
You feel a terrible chill!
You take 15 damage, and have 13/38 hp.
MASSIVE DAMAGE!!
The searing ray hits the ice beast.
The ice beast is almost dead.
The ice beast hits you.
* * * LOW HITPOINT WARNING * * *
The ice beast freezes you!
You feel a terrible chill!
You die...

....##....##########.
.............#..........
.......##....#..........
....... #...##..........
...†...####.##..........
........# #.######...###
........# #...###..###
......Y.# ###.....######
#######@########..###.#.
...........#####>.......
..............#####.#...
..............# #.†...
..............# ###..>
..............# #....
..............# ##...
...........#### #....
...........# ##.#.


You could see an ice beast.

Vanquished Creatures
  2 jellies (D:2)
  5 adders
  A worm (D:2)
  2 dart slugs
  An orc (D:2)
  4 ball pythons
  11 endoplasms
  2 giant cockroaches
  2 goblins (D:1)
  6 hobgoblins
  5 jackals
  11 kobolds
  A quokka (D:2)
  5 bats
  5 frilled lizards
  3 rats
66 creatures vanquished.

Vanquished Creatures (others)
  3 fulminant prisms
3 creatures vanquished.

Grand Total: 69 creatures vanquished

Notes
Turn   | Place    | Note
-------+----------+-------------------------------------------
     0 | D:1      | Dirtsage the Djinni Conjurer began the quest for the Orb.
     0 | D:1      | Dirtsage set off with the following spells memorised: Magic
                  | Dart, Searing Ray, Dazzling Flash, Fulminant Prism,
                  | Iskenderun's Mystic Blast.
     0 | D:1      | Reached XP level 1. HP: 15/15 MP: 0/0
   105 | D:1      | Reached XP level 2. HP: 22/22 MP: 0/0
   796 | D:2      | Reached XP level 3. HP: 20/26 MP: 0/0
   796 | D:2      | Learned a level 1 spell: Apportation
   831 | D:2      | Reached skill level 1 in Fighting
   831 | D:2      | Reached skill level 1 in Armour
   873 | D:2      | Reached XP level 4. HP: 28/32 MP: 0/0
  1334 | D:2      | Found a faded altar of an unknown god.
  1592 | D:2      | Reached XP level 5. HP: 29/38 MP: 0/0
  1592 | D:2      | Learned a level 2 spell: Momentum Strike
  1667 | D:2      | Found a shadowy altar of Dithmenos.
  1667 | D:2      | Found an ornate altar of the Wu Jian Council.
  1667 | D:2      | Found a broken altar of Ashenzari.
  1667 | D:2      | Found a snail-covered altar of Cheibriados.
  1667 | D:2      | Found an ornate altar of the Wu Jian Council.
  1667 | D:2      | Found a blossoming altar of Fedhas.
  2088 | D:3      | Noticed an ice beast
  2098 | D:3      | Slain by an ice beast

Illustrated notes

Levels and vault maps discovered:
D:1:      lightli_arrival_boilingwater, layout_basic
D:2:      cheibrodos_fertilizer, layout_basic,
          chequers_ecumenical_altar_simple_redux, minmay_cut_off
D:3:      layout_basic, st_stairs_4

Skill      XL: |  1  2  3  4  5 |
---------------+----------------+-----
Fighting       | 1 2 |  2.0
Armour         | 1 2 |  2.0
Dodging        | 3 |  3.3
Spellcasting   | 4 |  4.2
Conjurations   | 4 |  4.2
Hexes          | 4 |  4.2
Summonings     | 4 |  4.2
Necromancy     | 4 |  4.2
Translocations | 4 |  4.2
Transmutations | 4 |  4.2
Fire Magic     | 4 |  4.2
Ice Magic      | 4 |  4.2
Air Magic      | 4 |  4.2
Earth Magic    | 4 |  4.2
Poison Magic   | 4 |  4.2
Stealth        | |  1.5

Action                     |  1- 3 |  4- 6 || total
---------------------------+-------+-------++-------
  Melee: Unarmed           |       |     4 ||     4
   Cast: Magic Dart        |    33 |    71 ||   104
         Searing Ray       |     3 |    12 ||    15
         Fulminant Prism   |       |     3 ||     3
         Dazzling Flash    |       |     2 ||     2
         Momentum Strike   |       |     1 ||     1
    Use: Scroll            |       |     4 ||     4
 Armour: Robe              |     4 |    14 ||    18
  Dodge: Dodged            |     9 |    11 ||    20

Table legend: (Time is in decaauts)
 A = Elapsed time spent in this place.
 B = Non-inter-level travel time spent in this place.
 C = Inter-level travel time spent in this place.
 D = Time resting spent in this place.
 E = Time spent auto-exploring this place.
 F = Levels seen in this place.
 G = Mean time per level.
                   A        B        C        D        E       F      G
               +--------+--------+--------+--------+--------+-----+--------+
         Total |   2097 |   2072 |     25 |     36 |   1733 |   3 |  699.0 |
       Dungeon |   2097 |   2072 |     25 |     36 |   1733 |   3 |  699.0 |
               +--------+--------+--------+--------+--------+-----+--------+

Top non-repeatable levels by time:
     D:2: 1061 daAuts
     D:1: 764 daAuts
     D:3: 271 daAuts
